 Dungeon Crawl Stone Soup version 0.20-a0-709-gd40821f (webtiles) character file.

5159 JNO the Fighter (level 10, 0/111 HPs)
             Began as an Ogre Monk on Feb 21, 2017.
             Was a Priest of Qazlal.
             Slain by a killer bee (6 damage)
             ... on level 8 of the Dungeon.
             The game lasted 00:42:00 (9712 turns).

JNO the Fighter (Ogre Monk)                         Turns: 9712, Time: 00:42:01

Health: 0/111      AC:  3    Str: 17    XL:     10   Next: 59%
Magic:  24/24      EV: 14    Int: 11    God:    Qazlal [***...]
Gold:   636        SH:  0    Dex: 14    Spells: 6/12 levels left

rFire    . . .     SeeInvis .   q - +2 giant club
rCold    . . .     Gourm    .   d - +0 animal skin
rNeg     . . .     Faith    .   (shield currently unavailable)
rPois    .         Spirit   .   (helmet restricted)
rElec    .         Reflect  +   (no cloak)
rCorr    .         Harm     .   (gloves unavailable)
MR       +....                  (boots unavailable)
Stlth    +.........             p - +2 amulet of reflection
Regen    0.3/turn               v - ring of magical power
MPRegen  0.2/turn               g - +4 ring of slaying

@: confused, lethally poisoned (0 -> -24)
A: unfitting armour, tough skin 1
a: Upheaval, Elemental Force, Renounce Religion


You were on level 8 of the Dungeon.
You worshipped Qazlal.
Qazlal was most pleased with you.
You were not hungry.

You visited 1 branch of the dungeon, and saw 9 of its levels.

You collected 636 gold pieces.

Inventory:

Hand Weapons
 a - a +0 mace
 q - a +2 giant club (weapon)
Armour
 d - a +0 animal skin (worn)
 i - a +0 cloak
Magical Staves
 G - an uncursed staff of energy {unknown}
Jewellery
 g - a +4 ring of slaying (left hand)
 p - a +2 amulet of reflection (around neck)
 v - a ring of magical power (right hand)
Wands
 b - a wand of confusion (38/48)
 l - a wand of lightning (6/15)
Scrolls
 e - a scroll of identify
 f - a scroll of immolation {unknown}
 h - 3 scrolls of enchant armour {unknown}
 k - 4 scrolls of fog {unknown}
 s - 2 scrolls of noise {unknown}
 u - 3 scrolls of random uselessness {unknown}
 z - a scroll of magic mapping
 A - 3 scrolls of teleportation {unknown}
 C - a scroll of amnesia {unknown}
 D - 4 scrolls of remove curse {unknown}
 E - 2 scrolls of fear {unknown}
 F - a scroll of blinking {unknown}
Potions
 c - 2 potions of mutation
 j - 2 potions of flight
 r - a potion of magic
 w - 2 potions of heal wounds {unknown}
 B - a potion of invisibility {unknown}
Books
 m - a book of Battle

   Spells                             Type                      Level
   a - Infusion                       Charms                       1
   b - Shroud of Golubria             Charms/Translocation         2
   c - Song of Slaying                Charms                       2
   d - Spectral Weapon                Hexes/Charms                 3
   e - Regeneration                   Charms/Necromancy            3
 t - a book of Necromancy

   Spells                             Type                      Level
   a - Pain                           Necromancy                   1
   b - Animate Skeleton               Necromancy                   1
   c - Vampiric Draining              Necromancy                   3
   d - Regeneration                   Charms/Necromancy            3
   e - Animate Dead                   Necromancy                   4
   f - Control Undead                 Necromancy                   4
 y - a book of Conjurations

   Spells                             Type                      Level
   a - Magic Dart                     Conjuration                  1
   b - Searing Ray                    Conjuration                  2
   c - Dazzling Spray                 Conjuration/Hexes            3
   d - Fulminant Prism                Conjuration/Hexes            4
   e - Force Lance                    Conjuration/Translocation    4
   f - Iskenderun's Mystic Blast      Conjuration                  4
Comestibles
 n - 6 fruits
 o - 2 bread rations


   Skills:
 - Level 10.4 Fighting
 - Level 8.0 Maces & Flails
 - Level 7.7 Dodging
 - Level 1.4 Stealth
 + Level 1.6 Spellcasting
 + Level 0.5 Charms
 - Level 7.5 Invocations


You had 6 spell levels left.
You knew the following spells:

 Your Spells              Type           Power        Failure   Level  Hunger
a - Infusion              Chrm           #...         30%         1    ##.....
b - Shroud of Golubria    Chrm/Tloc      #.........   43%         2    ###....
c - Song of Slaying       Chrm           #.......     43%         2    ###....
d - Animate Skeleton      Necr           N/A          34%         1    ##.....


Dungeon Overview and Level Annotations

Branches:
Dungeon (9/15)             Temple (0/1) D:6
   Lair: D:8-11         Orc: D:9-12

Altars:
Cheibriados
Dithmenos
Elyvilon
Nemelex Xobeh
Okawaru
Qazlal
Ru
Xom

Shops:
D:4 %

Annotations:
D:8 exclusion: downstairs
D:9 4 runed doors


Innate Abilities, Weirdness & Mutations

You are too large for most types of armour.
You have tough skin. (AC +1)


Message History

You feel very sick. The killer bee closely misses you.
The killer bee misses you. x2
You block the killer bee's attack.
You miss the killer bee.
* * * LOW HITPOINT WARNING * * *
You feel sick. You block the killer bee's attack. The killer bee stings you.
* * * LOW HITPOINT WARNING * * *
The killer bee stings you!
* * * LOW HITPOINT WARNING * * *
You are more poisoned.
The killer bee poisons you! The killer bee stings you.
* * * LOW HITPOINT WARNING * * *
You are more poisoned.
The killer bee poisons you!
It was a potion of ambrosia.
You are confused.
You feel invigorated.
* * * LOW HITPOINT WARNING * * *
You feel sick. The killer bee stings you.
You die...

#.........##################
#.........##........[......#
#.......(.##.#############.#
##.........##.# #.#
#..........##.# #.#
#..........##.#############.##
#..........##.................
#.....<))..##y#############.##
#......)...##@y...............
#.............######........##
#############.######........##
#####.................
#...................##
#......[............#
#...................##
#............######...
#............# ####


You could see 2 killer bees.

Vanquished Creatures
  A two-headed ogre (D:7)
  A gargoyle (D:9)
  Prince Ribbit (D:7)
  A hippogriff (D:9)
  A yak (D:9)
  Grum (D:9)
  A water moccasin (D:7)
  3 orc warriors
  3 sky beasts
  2 black bears
  3 ice beasts
  2 necrophages (D:6)
  An ogre (D:4)
  4 wolves
  A centaur (D:9)
  A big kobold (D:4)
  2 bullfrogs (D:7)
  A wyvern skeleton (D:6)
  A scorpion (D:4)
  A wight (D:7)
  2 howler monkeys
  5 crimson imps
  A centaur zombie (D:5)
  A quasit (D:6)
  4 hounds
  2 jellies
  3 orc priests
  7 orc wizards
  A bullfrog skeleton (D:7)
  A centaur skeleton (D:9)
  3 iguanas
  Terence (D:2)
  6 worker ants
  2 hound skeletons
  Robin (D:2)
  2 howler monkey zombies
  3 gnolls (D:8)
  13 adders
  A shadow imp (D:5)
  2 oozes (D:3)
  An adder zombie (D:9)
  2 worms
  3 dart slugs
  6 leopard geckos
  37 orcs
  A ball python (D:4)
  4 bats
  3 giant cockroaches
  7 goblins
  7 hobgoblins
  4 jackals
  6 quokkas
  2 frilled lizards
  A jackal skeleton (D:8)
  28 kobolds
  2 quokka zombies
  9 rats
216 creatures vanquished.

Vanquished Creatures (others)
  A troll (D:6)
  A worker ant (D:6)
  An orc (D:6)
  A giant cockroach (D:6)
  A quokka (D:6)
5 creatures vanquished.

Grand Total: 221 creatures vanquished

Notes
Turn   | Place    | Note
-------+----------+-------------------------------------------
     0 | D:1      | JNO the Ogre Monk began the quest for the Orb.
     0 | D:1      | Reached XP level 1. HP: 24/24 MP: 1/1
   542 | D:1      | Reached XP level 2. HP: 32/32 MP: 2/2
  1058 | D:2      | Reached XP level 3. HP: 25/39 MP: 3/3
  1363 | D:2      | Noticed Robin
  1384 | D:2      | Reached XP level 4. HP: 30/48 MP: 4/4
  1393 | D:2      | Killed Robin
  2058 | D:2      | Noticed Terence
  2070 | D:2      | Killed Terence
  2070 | D:2      | Reached XP level 5. HP: 39/54 MP: 5/5
  2826 | D:3      | Found a snail-covered altar of Cheibriados.
  3299 | D:3      | Reached skill level 1 in Spellcasting
  3483 | D:4      | Noticed a big kobold
  3501 | D:4      | Killed a big kobold
  3501 | D:4      | Reached skill level 5 in Fighting
  3501 | D:4      | Reached XP level 6. HP: 61/66 MP: 7/7
  3767 | D:4      | Reached skill level 6 in Fighting
  3799 | D:4      | Reached skill level 7 in Fighting
  4084 | D:4      | Reached XP level 7. HP: 73/78 MP: 8/8
  4259 | D:4      | Found a stormy altar of Qazlal.
  4269 | D:4      | Became a worshipper of Qazlal Stormbringer
  4269 | D:4      | Reached * piety under Qazlal
  4269 | D:4      | Reached ** piety under Qazlal
  4397 | D:4      | Found Onni's Food Shoppe.
  4456 | D:4      | Reached skill level 8 in Fighting
  4488 | D:5      | Entered Level 5 of the Dungeon
  4630 | D:5      | Found a sparkling altar of Nemelex Xobeh.
  4848 | D:5      | Reached skill level 5 in Maces & Flails
  5439 | D:6      | Found a staircase to the Ecumenical Temple.
  5462 | D:5      | Reached skill level 5 in Dodging
  5580 | D:6      | Reached XP level 8. HP: 75/88 MP: 9/9
  5598 | D:6      | Killed a troll
  5830 | D:6      | Found a white marble altar of Elyvilon.
  6157 | D:6      | Found a shimmering altar of Xom.
  6242 | D:6      | Found an iron altar of Okawaru.
  6268 | D:7      | Reached *** piety under Qazlal
  6269 | D:7      | Noticed Prince Ribbit
  6290 | D:7      | Killed Prince Ribbit
  6290 | D:7      | Reached skill level 9 in Fighting
  6345 | D:7      | Found a shadowy altar of Dithmenos.
  6417 | D:7      | Reached XP level 9. HP: 97/97 MP: 10/10
  6644 | D:7      | HP: 6/151 [bullfrog (5)]
  6648 | D:7      | Reached skill level 10 in Fighting
  7666 | D:8      | Learned a level 1 spell: Animate Skeleton
  7729 | D:8      | Found a white marble altar of Elyvilon.
  7732 | D:8      | Found a shadowy altar of Dithmenos.
  7735 | D:8      | Found a sacrificial altar of Ru.
  7739 | D:8      | Reached **** piety under Qazlal
  7794 | D:8      | Noticed a two-headed ogre
  7851 | D:7      | Killed a two-headed ogre
  7851 | D:7      | Reached skill level 5 in Invocations
  7851 | D:7      | Reached XP level 10. HP: 81/111 MP: 14/14
  8615 | D:9      | Noticed Grum
  8926 | D:9      | Killed Grum
  8928 | D:9      | Found a large runed door.
  8928 | D:9      | Found a large runed door.
  9019 | D:9      | Noticed a gargoyle
  9241 | D:9      | Killed a gargoyle
  9368 | D:9      | Learned a level 2 spell: Shroud of Golubria
  9371 | D:9      | Learned a level 2 spell: Song of Slaying
  9377 | D:9      | Learned a level 1 spell: Infusion
  9385 | D:9      | Found a large runed door.
  9386 | D:9      | Found a large runed door.
  9711 | D:8      | HP: 5/111 [killer bee (7)]
  9712 | D:8      | Slain by a killer bee

Vault maps used:
D:1:      dpeg_arrival_boxorama
D:2:      uniq_robin, uniq_terence
D:3:      kennysheep_slug_shrine
D:4:      kennysheep_kobold_camp, lemuel_round_altar, first_bread, serial_shops,
          shop, interstate_on_off
D:5:      nemelex_altar_shiori, fountainhead
D:6:      xom_confusion_cloud, lemuel_coloured_pillars_altar,
          minmay_temple_entry_trees, serial_glass, glass_columns_b,
          glass_columns_c, glass_columns_b, glass_columns_a, glass_columns_a,
          glass_columns_a, elyvilon_altar_4
D:7:      minmay_opposing_rooms, nicolae_dithmenos_through_a_glass_darkly,
          uniq_prince_ribbit1
D:8:      grunt_temple_overflow_diamond
D:9:      david_nohive_1, minmay_hollow_rounded_squares, uniq_grum

Skill      XL: |  1  2  3  4  5  6  7  8  9 10 |
---------------+-------------------------------+-----
Dodging        | 3 4 5 6 7 |  7.7
Maces & Flails | 3 4 5 6 7 8 |  8.0
Spellcasting   | 1 |  1.6
Fighting       | 5 7 8 9 10 | 10.4
Invocations    | 5 7 |  7.5
Stealth        | |  1.4
Charms         | |  0.5

Action                   |  1- 3 |  4- 6 |  7- 9 | 10-12 || total
-------------------------+-------+-------+-------+-------++-------
Melee: Mace              |    85 |   146 |       |       ||   231
       Giant club        |       |    14 |   235 |   109 ||   358
Invok: Upheaval          |       |       |     1 |       ||     1
       Elemental Force   |       |       |       |     1 ||     1
  Use: Scroll            |       |     5 |     6 |       ||    11
       Potion            |       |     3 |     6 |     1 ||    10
 Stab: Sleeping          |     1 |     4 |       |       ||     5
  Eat: Chunk             |     1 |     5 |     2 |     1 ||     9
       Bread ration      |       |     1 |     1 |     1 ||     3
       Royal jelly       |       |       |     1 |     1 ||     2
       Meat ration       |       |       |     1 |       ||     1
Armor: Robe              |    24 |    14 |       |       ||    38
       Animal skin       |       |     9 |    41 |    16 ||    66
       Skin              |       |       |    10 |       ||    10
Dodge: Dodged            |    48 |    90 |   145 |    88 ||   371
Block: Other             |       |    10 |    51 |    52 ||   113
       Reflection        |       |       |       |     3 ||     3
